 Dungeon Crawl Stone Soup version 0.10.4 character file.

195447 dknweql the Warrior (level 18, -16/151 (170) HPs)
             Began as a Minotaur Fighter on Oct 16, 2021.
             Was the Champion of Okawaru.
             Demolished by an Ice Fiend (22 damage)
             ... summoned by a deep elf demonologist
             ... led by a deep elf high priest
             ... on Level 5 of the Elven Halls.
             The game lasted 02:12:55 (42552 turns).

dknweql the Warrior (Minotaur Fighter)             Turns: 42552, Time: 02:12:55

HP -16/151 (170) AC 41     Str 27      XL: 18   Next: 82%
MP   0/32        EV 21     Int  7      God: Okawaru [******]
Gold 2227        SH 37     Dex 17      Spells:  0 memorised, 17 levels left

Res.Fire  : + + .   See Invis. : .   M - +3,+2 demon whip (elec)
Res.Cold  : + . .   Warding    : . . D - +7 plate armour "Laeta" {rElec}
Life Prot.: + . .   Conserve   : .   Z - +3 shield {rPois}
Res.Acid. : . . .   Res.Corr.  : .   O - +4 wizard hat of the Armadillo {god gift,
Res.Poison: +       Clarity    : .   v - +0 cloak of Brilliance {rF+}
Res.Elec. : +       Spirit.Shd : +   G - +2 pair of gauntlets {Dex+3}
Sust.Abil.: . .     Stasis     : .   m - +2 pair of orc boots
Res.Mut.  : .       Ctrl.Telep.: x   E - amulet of guardian spirit
Res.Rott. : .       Levitation : .   P - ring of magical power
Saprovore : . . .   Ctrl.Flight: .   g - ring of life protection

@: very slightly contaminated, heroism, somewhat resistant to hostile
enchantments, extremely unstealthy
A: retaliatory headbutt, horns 2
a: Heroism, Finesse, Renounce Religion


You were on level 5 of the Elven Halls.
You worshipped Okawaru.
Okawaru was exalted by your worship.
You were full.

You visited 6 branches of the dungeon, and saw 40 of its levels.
You visited the Abyss 1 time.

You collected 3462 gold pieces.
You spent 1255 gold pieces at shops.

Inventory:

Hand weapons
 A - a +3,+3 eveningstar of piercing {god gift}
 M - a +3,+2 demon whip of electrocution (weapon)
Armour
 m - a +2 pair of orcish boots (worn)
 v - the +0 cloak of Brilliance (worn) {rF+}
   (You bought it in a shop on level 4 of the Orcish Mines)

   It protects you from fire.
 D - the +7 plate armour "Laeta" (worn) {rElec}
   (You bought it in a shop on level 6 of the Dungeon)

   It insulates you from electricity.
 G - a +2 pair of gauntlets of dexterity (worn)
 O - the +4 wizard hat of the Armadillo (worn) {god gift, Dex+2 Int+2}
   (Okawaru gifted it to you on level 5 of the Lair of Beasts)

   It affects your intelligence (+2).
   It affects your dexterity (+2).
 Z - a +3 shield of poison resistance (worn)
Magical devices
 b - a wand of fireball (7)
 f - a wand of paralysis (7)
 o - a wand of lightning (6)
 s - a wand of slowing (4) {unknown}
 t - a wand of fire (15)
 y - a wand of paralysis (7)
 z - a wand of draining (11)
 H - a wand of digging (6)
 L - a wand of digging (11)
 S - a wand of frost (20)
 V - a wand of enslavement (6)
Comestibles
 a - 28 honeycombs
 d - 16 bread rations
Jewellery
 c - an uncursed amulet of controlled flight
 g - a ring of life protection (left hand)
 E - an amulet of guardian spirit (around neck)
 J - an uncursed amulet of resist corrosion
 P - a ring of magical power (right hand)
 Y - an uncursed ring of invisibility
Potions
 e - 2 potions of speed
 h - a potion of cure mutation
 i - a potion of might
 j - 2 potions of agility
 p - 6 potions of restore abilities
 r - a potion of levitation
 u - a potion of berserk rage
 F - a potion of brilliance
 R - 2 potions of magic
 X - 12 potions of curing
Miscellaneous
 B - a plain deck of war {the Helm}
 Q - a stone of earth elementals
 T - a box of beasts


   Skills:
 + Level 19.5(24.5) Fighting
 + Level 18.2(23.2) Maces & Flails
 + Level 18.4(23.4) Armour
 + Level 16.5(21.5) Dodging
 - Level 15.0(20.0) Shields
 - Level 7.5 Invocations


You had 17 spell levels left.
You didn't know any spells.

Dungeon Overview and Level Annotations

Branches:
Dungeon (21/27)            Temple (1/1) D:4             Orc (4/4) D:6
    Elf (5/5) Orc:4          Lair (8/8) D:13          Swamp (0/5) Lair:4
  Slime (0/6) Lair:7        Snake (0/5) Lair:5        Vault (1/8) D:18

Altars:
Ashenzari
Cheibriados
Elyvilon
Fedhas
Kikubaaqudgha
Makhleb
Nemelex Xobeh
Okawaru
Sif Muna
The Shining One
Trog
Vehumet
Xom
Yredelemnul
Zin
Jiyva

Shops:
D:6: [ D:10: * D:11: + Orc:1: / Orc:4: ([=*[![+[ Elf:4: (

Portals:
Trove: D:15 (give 15 scrolls of identify)


Innate Abilities, Weirdness & Mutations

You reflexively headbutt those who attack you in melee.
You have a pair of horns on your head.


Message History

You don't have any such object.
Drink which item? (? for menu, Esc to quit)
Okay, then.
Drink which item? (? for menu, Esc to quit)
You feel better. The Ice Fiend completely misses you.
You block the Ice Fiend's attack. The smoke demon gestures at you.
Something smites you!
* * * LOW HITPOINT WARNING * * *
Unknown command.
You thrash the Ice Fiend!! You headbutt the Ice Fiend!
The Ice Fiend is heavily wounded.
Unknown command.
You whack the Ice Fiend!
The Ice Fiend is severely wounded.
The Ice Fiend completely misses you. The Ice Fiend claws you.
* * * LOW HITPOINT WARNING * * *
The Ice Fiend freezes you!
Your potion of heal wounds freezes and shatters!
You die...

# ##.# #.# ... ##.## ###
...$ ... .... ..
.#.###############5##...#
.....))...$.?..)@1e33....
.....#############4##...#
............. ยง.
..........## #..
..........## ..
..).........
..........###
.............
.............


You could see an Ice Fiend, a deep elf demonologist, an iron devil, a smoke
demon, a neqoxec and a white imp.

Vanquished Creatures
  Saint Roka (D:20)
  Mara (D:21)
  3 illusory
  Maras Xtahua (D:21)
  2 player illusions
  A titan (D:19)
  Donald (Elf:2)
  A ghoul (D:13)
  2 orc warlords
  A balrug (Elf:5)
  A stone giant (D:21)
  A dire elephant (Lair:8)
  The ghost of error the Geomancer, a powerful OpEE of Vehumet (Lair:8)
  Jozef (Lair:2)
  A yaktaur captain (D:20)
  2 dragons
  2 great orbs of eyes (D:20)
  5 ogre magi
  Erica (Lair:2)
  11 hydras
  A deep elf demonologist (Elf:5)
  2 draconians (shapeshifter)
  A very ugly thing (D:21)
  A frost giant zombie (D:21)
  A sphinx skeleton (D:19)
  A deep elf high priest (Elf:5)
  12 death yaks
  3 stone giant zombies
  An iron golem (D:20)
  A hell hog (Abyss)
  An orc high priest (Orc:3)
  6 centaur warriors
  A large abomination (Abyss)
  A stone giant skeleton (D:19)
  4 hell knights (D:20)
  9 skeletal warriors
  A catoblepas (Lair:8)
  9 deep elf knights
  A draconian (Lair:8)
  An iron troll zombie (D:21)
  5 orc knights
  A giant orange brain (D:21)
  3 unseen horrors
  3 wizards
  11 hill giants
  2 giant amoebae (D:18)
  3 necromancers (D:20)
  2 orc sorcerers
  Joseph (Orc:2)
  4 griffons
  A guardian serpent (shapeshifter) (D:14)
  An iron troll skeleton (D:20)
  8 cyclopes
  An ettin zombie (D:21)
  Maurice (Elf:2)
  4 wolf spiders
  An ice dragon zombie (D:19)
  4 oklob plants (Lair:3)
  A red wasp zombie (D:14)
  2 humans (shapeshifter)
  A trapdoor spider (D:19)
  A wolf spider (shapeshifter) (D:17)
  An elf (shapeshifter) (D:20)
  A stone giant simulacrum (D:19)
  5 feature mimics
  3 elephant slugs
  10 elephants
  An elephant (shapeshifter) (D:20)
  2 griffon zombies
  5 black mambas
  12 slime creatures
  4 orange demons
  A griffon skeleton (D:19)
  4 yaktaurs
  A guardian mummy (D:13)
  4 rock trolls
  51 ugly things
  5 spiny frogs
  A mermaid (shapeshifter) (D:12)
  3 iron devils
  A hill giant skeleton (D:14)
  19 two-headed ogres
  A spriggan (shapeshifter) (Elf:4)
  2 human zombies (D:20)
  4 komodo dragons
  5 trolls
  4 queen bees
  A deep troll zombie (D:19)
  A smoke demon (Orc:3)
  A rock troll skeleton (D:21)
  12 blink frogs
  2 blue devils
  A basilisk (Lair:5)
  2 rotting hulks (D:13)
  2 vampires
  A bumblebee (shapeshifter) (D:19)
  A wraith (D:16)
  2 ynoxinuls
  6 hippogriffs
  A hungry ghost (D:12)
  Eustachio (D:9)
  18 deep elf conjurers
  3 manticores
  2 fire drakes (Lair:8)
  36 yaks
  2 wyverns
  13 vampire mosquitoes
  14 deep elf fighters
  9 deep elf summoners
  Menkaure (D:7)
  5 war dogs (Lair:7)
  2 freezing wraiths (D:20)
  2 mottled dragons
  26 orc warriors
  A yaktaur skeleton (D:18)
  6 hell hounds (D:20)
  3 phantoms
  6 necrophages
  3 ice beasts
  2 yellow wasps
  A cyclops skeleton (D:15)
  40 ogres
  2 sky beasts
  7 giant goldfish
  5 deep elf priests
  A boring beetle (Lair:8)
  The ghost of kDorchaDelvin the Charmwright, an average DsWn (D:6)
  9 wargs
  28 centaurs
  13 crocodiles
  Duvessa (D:4)
  3 big kobolds
  3 rotting devils
  13 water moccasins
  17 giant frogs
  9 giant slugs
  5 agate snails
  A yellow wasp zombie (D:11)
  16 deep elf magi
  Blork the orc (D:5)
  An eye of draining (D:20)
  112 killer bees
  9 jellyfish
  12 wights
  2 big kobold zombies
  2 fire bats (D:8)
  A shadow (D:8)
  7 crimson imps
  3 electric eels
  2 goliath beetles
  11 hounds
  Dowan (D:4)
  An iron imp (Abyss)
  A big fish (Abyss)
  A mottled dragon skeleton (D:16)
  2 hound skeletons
  21 orc priests
  A quasit (Elf:1)
  6 scorpions
  4 worker ants
  5 iguanas
  5 porcupines
  24 deep elf soldiers
  5 orange rats
  26 orc wizards
  A big fish zombie (D:8)
  2 worker ant zombies (D:8)
  8 sheep
  6 jellies
  2 mummies (D:13)
  11 adders
  15 gnolls
  66 green rats
  3 lemures
  3 giant centipede zombies
  2 shadow imps (D:9)
  8 giant centipedes
  5 giant mites
  2 midges (Elf:1)
  2 white imps
  6 worms
  9 ufetubi
  3 grey rats (D:17)
  A gnoll zombie (D:5)
  12 giant geckos
  An ooze (D:1)
  183 orcs
  36 bats
  6 giant cockroaches
  27 goblins
  22 hobgoblins
  33 jackals
  9 quokkas
  4 ball pythons
  9 giant newts
  A giant spore (D:15)
  A jackal skeleton (D:6)
  32 kobolds
  A kobold skeleton (D:4)
  An orc skeleton (D:10)
  7 orc zombies
  2 quokka skeletons (D:4)
  36 rats
  A rat skeleton (D:4)
  A ballistomycete (D:15)
  4 fungi
  11 plants
  22 toadstools
1555 creatures vanquished.

Vanquished Creatures (others)
  A black mamba (Lair:8)
  A hell hound (D:20)
  A small abomination (D:19)
  A deep elf mage (Elf:5)
  3 deep elf soldiers
  An adder (Lair:2)
  5 orcs
  2 jackals (D:6)
  A bat (D:17)
  A kobold (D:8)
  A rat (D:2)
  4 fungi
  2 plants
  262 toadstools
286 creatures vanquished.

Grand Total: 1841 creatures vanquished

Notes
Turn   | Place    | Note
--------------------------------------------------------------
     0 | D:1      | dknweql, the Minotaur Fighter, began the quest for the Orb.
     0 | D:1      | Reached XP level 1. HP: 19/19 MP: 0/0
    87 | D:1      | Reached XP level 2. HP: 23/26 MP: 0/0
   132 | D:1      | Reached skill level 1 in Dodging
   362 | D:1      | Reached skill level 4 in Fighting
   464 | D:1      | Reached XP level 3. HP: 33/33 MP: 1/1
  1698 | D:3      | Reached XP level 4. HP: 40/40 MP: 1/1
  2209 | D:3      | Reached XP level 5. HP: 46/46 MP: 1/1
  2738 | D:4      | Reached XP level 6. HP: 28/53 MP: 2/2
  2882 | D:4      | Found a radiant altar of Vehumet.
  2886 | D:4      | Noticed Duvessa
  2887 | D:4      | Noticed Dowan
  2898 | D:4      | Killed Duvessa
  2898 | D:4      | Reached skill level 5 in Fighting
  2898 | D:4      | Reached skill level 5 in Armour
  2898 | D:4      | Reached skill level 5 in Shields
  2913 | D:4      | Killed Dowan
  2967 | D:4      | Noticed a crocodile
  2982 | D:4      | Killed a crocodile
  3422 | D:4      | Reached XP level 7. HP: 56/60 MP: 2/2
  3479 | D:4      | Found a staircase to the Ecumenical Temple.
  3639 | D:4      | Found a glowing golden altar of the Shining One.
  3711 | D:5      | Entered Level 5 of the Dungeon
  3735 | D:5      | Reached skill level 5 in Maces & Flails
  3917 | D:5      | Reached skill level 6 in Armour
  3946 | D:5      | Reached XP level 8. HP: 8/68 MP: 2/2
  4279 | Temple   | Entered the Ecumenical Temple
  4381 | Temple   | Became a worshipper of Warmaster Okawaru
  4442 | D:5      | Found a burning altar of Makhleb.
  4442 | D:5      | Noticed Blork the orc
  4455 | D:5      | Killed Blork the orc
  4915 | D:6      | Noticed kDorchaDelvin's ghost (average DsWn)
  5081 | D:6      | Killed kDorchaDelvin's ghost
  5092 | D:6      | Found a staircase to the Orcish Mines.
  5123 | Orc:1    | Entered Level 1 of the Orcish Mines
  5123 | Orc:1    | Found Fesch's Magical Wand Shoppe.
  5286 | D:6      | Acquired Okawaru's first power
  5299 | D:6      | Found Avusokliy's Antique Armour Emporium.
  5974 | D:7      | Found a glowing silver altar of Zin.
  6235 | D:7      | Found a basalt altar of Yredelemnul.
  6295 | D:7      | Reached XP level 9. HP: 36/75 MP: 3/3
  6521 | D:7      | Noticed Menkaure
  6528 | D:7      | Killed Menkaure
  6528 | D:7      | Reached skill level 7 in Fighting
  6528 | D:7      | Reached skill level 5 in Dodging
  6920 | D:8      | Found an ancient bone altar of Kikubaaqudgha.
  7014 | D:8      | Found a blossoming altar of Fedhas.
  7271 | D:8      | Found a radiant altar of Vehumet.
  7296 | D:8      | Found a burning altar of Makhleb.
  7342 | D:8      | Found a basalt altar of Yredelemnul.
  7358 | D:8      | Found a glowing silver altar of Zin.
  7378 | D:8      | Found a basalt altar of Yredelemnul.
  7385 | D:8      | Found a blossoming altar of Fedhas.
  7415 | D:8      | Noticed a queen bee
  7434 | D:8      | Killed a queen bee
  7484 | D:8      | Reached skill level 8 in Fighting
  7818 | D:8      | Reached XP level 10. HP: 85/85 MP: 3/3
  8442 | D:6      | Bought a transparent plate armour for 644 gold pieces
  8464 | D:6      | Identified the +7 plate armour "Laeta" (You bought it in a shop on level 6 of the Dungeon)
  9382 | D:9      | Noticed Eustachio
  9390 | D:9      | Killed Eustachio
  9733 | D:10     | Entered Level 10 of the Dungeon
  9802 | D:10     | Reached skill level 1 in Invocations
  9853 | D:10     | Reached skill level 9 in Fighting
 10298 | D:10     | Found Sapeimp's Assorted Antiques.
 10307 | D:10     | Bought a scroll of enchant weapon I for 121 gold pieces
 10307 | D:10     | Bought a scroll labeled SAGESA LITUET for 22 gold pieces
 10307 | D:10     | Bought a scroll labeled LERAOLL EWIDGH for 22 gold pieces
 10307 | D:10     | Bought a scroll labeled GIUVUAR THRIOW for 22 gold pieces
 11314 | D:10     | Reached XP level 11. HP: 40/94 MP: 5/9
 11589 | D:11     | Found a white marble altar of Elyvilon.
 11614 | D:11     | Found Kaaluurph's Book Shoppe.
 11661 | D:11     | You fall through a shaft!
 12466 | D:12     | Reached skill level 10 in Shields
 12550 | D:12     | Acquired Okawaru's second power
 12857 | D:12     | Found a sparkling altar of Nemelex Xobeh.
 13137 | D:13     | Reached skill level 10 in Fighting
 13137 | D:13     | Reached skill level 10 in Maces & Flails
 13193 | D:13     | Found a staircase to the Lair.
 13315 | D:12     | Reached skill level 10 in Armour
 13635 | D:13     | Reached skill level 5 in Invocations
 14337 | D:13     | Reached skill level 11 in Shields
 14354 | D:13     | Reached XP level 12. HP: 34/85 MP: 9/16
 15139 | D:13     | Noticed a queen bee
 15155 | D:13     | Killed a queen bee
 15425 | D:13     | Received a gift from Okawaru
 15564 | D:13     | Reached skill level 10 in Dodging
 15726 | D:14     | Entered Level 14 of the Dungeon
 16029 | D:14     | Reached skill level 12 in Shields
 16815 | D:14     | Noticed a guardian serpent
 16815 | D:14     | a swamp dragon changed into a guardian serpent
 16837 | D:14     | Killed a guardian serpent
 17119 | D:15     | Entered Level 15 of the Dungeon
 17146 | D:15     | Reached XP level 13. HP: 84/94 MP: 16/19
 17488 | D:15     | Found a portal to a secret trove of treasure.
 18195 | D:16     | Received a gift from Okawaru
 18367 | D:16     | Reached skill level 13 in Fighting
 19348 | Lair:1   | Entered Level 1 of the Lair of Beasts
 20111 | Lair:2   | Noticed Jozef
 20128 | Lair:2   | Killed Jozef
 20170 | Lair:2   | Noticed Erica
 20190 | Lair:2   | Killed Erica
 20419 | Lair:2   | Got a crude morningstar
 20745 | Lair:3   | Received a gift from Okawaru
 20935 | Lair:3   | Identified the cursed morningstar "Baic Lenn" {drain, rElec Str+4 Stlth--} (You found it on level 2 of the Lair of Beasts)
 21075 | Lair:3   | Reached XP level 14. HP: 91/106 MP: 19/19
 21701 | Lair:3   | Reached skill level 14 in Shields
 22446 | Lair:4   | Identified a scroll of acquirement
 22781 | Lair:4   | Found a staircase to the Swamp.
 23193 | Lair:5   | Received a gift from Okawaru
 23198 | Lair:5   | Got a brightly glowing wizard hat {god gift}
 23202 | Lair:5   | Identified the +4 wizard hat of the Armadillo {god gift} (Okawaru gifted it to you on level 5 of the Lair of Beasts)
 23569 | Lair:5   | Found a white marble altar of Elyvilon.
 23572 | Lair:5   | Found a staircase to the Snake Pit.
 25064 | Lair:7   | Found a staircase to the Slime Pits.
 25065 | Lair:7   | Found a viscous altar of Jiyva.
 25352 | Lair:7   | Reached skill level 15 in Shields
 25678 | Lair:7   | Reached skill level 15 in Fighting
 25744 | Lair:8   | Entered Level 8 of the Lair of Beasts
 25744 | Lair:8   | Noticed error's ghost (powerful OpEE)
 25782 | Lair:8   | Killed error's ghost
 25782 | Lair:8   | Reached XP level 15. HP: 12/116 MP: 2/20
 26191 | Lair:8   | Reached skill level 15 in Armour
 26404 | Lair:8   | Reached skill level 15 in Maces & Flails
 28624 | Orc:1    | Received a gift from Okawaru
 28875 | Orc:4    | Entered Level 4 of the Orcish Mines
 28888 | Orc:4    | Found Guf Etuk's Weapon Emporium.
 28914 | Orc:4    | Noticed a two-headed ogre
 28914 | Orc:4    | Noticed a two-headed ogre
 28914 | Orc:4    | Noticed a two-headed ogre
 28915 | Orc:4    | Noticed a two-headed ogre
 28915 | Orc:4    | Noticed a two-headed ogre
 28915 | Orc:4    | Noticed an ogre mage
 28917 | Orc:4    | Noticed a two-headed ogre
 28917 | Orc:4    | Noticed an ogre mage
 28917 | Orc:4    | Noticed a two-headed ogre
 28919 | Orc:4    | Noticed a two-headed ogre
 28922 | Orc:4    | Noticed an ogre mage
 28922 | Orc:4    | Noticed a two-headed ogre
 28923 | Orc:4    | Noticed an ogre mage
 28925 | Orc:4    | Killed a two-headed ogre
 28927 | Orc:4    | Killed a two-headed ogre
 28933 | Orc:4    | Killed a two-headed ogre
 28934 | Orc:4    | Noticed a two-headed ogre
 28942 | Orc:4    | Noticed a two-headed ogre
 28942 | Orc:4    | Killed an ogre mage
 28945 | Orc:4    | Noticed a two-headed ogre
 28946 | Orc:4    | Killed a two-headed ogre
 28948 | Orc:4    | Noticed a two-headed ogre
 28952 | Orc:4    | Killed a two-headed ogre
 28958 | Orc:4    | Killed an ogre mage
 28958 | Orc:4    | Reached skill level 16 in Fighting
 28959 | Orc:4    | Noticed a two-headed ogre
 28966 | Orc:4    | Killed a two-headed ogre
 28970 | Orc:4    | Killed an ogre mage
 28975 | Orc:4    | Killed a two-headed ogre
 28980 | Orc:4    | Killed a two-headed ogre
 28987 | Orc:4    | Killed a two-headed ogre
 28992 | Orc:4    | Killed a two-headed ogre
 28995 | Orc:4    | Killed a two-headed ogre
 28998 | Orc:4    | Killed a two-headed ogre
 29002 | Orc:4    | Killed a two-headed ogre
 29008 | Orc:4    | Killed a two-headed ogre
 29037 | Orc:4    | Found Wulellod's Antique Armour Shoppe.
 29037 | Orc:4    | Found Fosoix's Jewellery Boutique.
 29039 | Orc:4    | Killed an ogre mage
 29040 | Orc:4    | Found Ehoakae's General Store.
 29040 | Orc:4    | Found Lacleq's Antique Armour Emporium.
 29062 | Orc:4    | Bought a crude cloak for 162 gold pieces
 29065 | Orc:4    | Identified the +0 cloak of Brilliance (You bought it in a shop on level 4 of the Orcish Mines)
 29097 | Orc:4    | Found Kaaxtasa's Antique Armour Emporium.
 29188 | Orc:4    | Found Edabuin's Book Shop.
 29321 | Orc:4    | Noticed a two-headed ogre
 29325 | Orc:4    | Killed a two-headed ogre
 29493 | Orc:4    | Found a staircase to the Elven Halls.
 29501 | Orc:4    | Found Koku's Armour Shop.
 29622 | Orc:3    | Noticed an orc high priest
 29687 | Orc:3    | Received a gift from Okawaru
 29850 | Orc:3    | Killed an orc high priest
 29896 | Orc:3    | Found a radiant altar of Vehumet.
 29995 | Orc:4    | Found Ninuilyd's Distillery.
 30002 | Orc:4    | Bought 2 potions of curing for 60 gold pieces
 30002 | Orc:4    | Bought a potion of berserk rage for 45 gold pieces
 30002 | Orc:4    | Bought a potion of heal wounds for 45 gold pieces
 30002 | Orc:4    | Bought a potion of berserk rage for 45 gold pieces
 30002 | Orc:4    | Bought a potion of might for 37 gold pieces
 30002 | Orc:4    | Bought a potion of curing for 30 gold pieces
 30733 | Orc:2    | Noticed Joseph
 30742 | Orc:2    | Killed Joseph
 31089 | Orc:1    | Reached XP level 16. HP: 127/127 MP: 21/21
 31321 | Orc:3    | Reached XP level 15. HP: 118/118 MP: 28/29
 32331 | Orc:3    | Noticed an orc warlord
 32358 | Orc:3    | Killed an orc warlord
 32358 | Orc:3    | Reached XP level 16. HP: 79/128 MP: 21/21
 32367 | Orc:3    | Got a fine ankus {god gift}
 32368 | Orc:3    | Identified the ankus "Blemnafe" {god gift, pierce, +Rage rF+ rC-} (Okawaru gifted it to you on level 3 of the Orcish Mines)
 32922 | D:17     | Reached skill level 17 in Fighting
 32922 | D:17     | Reached XP level 17. HP: 135/138 MP: 22/22
 32946 | D:17     | Found an ancient bone altar of Kikubaaqudgha.
 33516 | D:18     | Found a staircase to the Vaults.
 34290 | Vault:1  | Entered Level 1 of the Vaults
 34402 | D:19     | Reached skill level 15 in Dodging
 34424 | D:19     | Reached skill level 18 in Fighting
 34634 | D:19     | Received a gift from Okawaru
 34654 | D:19     | Got a dazzling spiked flail {god gift}
 34655 | D:19     | Identified the spiked flail of Mourning {god gift, slay orc, rC+ Str+2} (Okawaru gifted it to you on level 19 of the Dungeon)
 35310 | D:19     | Found a glowing silver altar of Zin.
 35311 | D:19     | Noticed a titan
 35387 | D:19     | Killed a titan
 35552 | D:19     | Found a shimmering altar of Xom.
 35556 | D:19     | Noticed an orc warlord
 35696 | D:19     | Killed an orc warlord
 35960 | D:20     | Entered Level 20 of the Dungeon
 36524 | D:20     | Reached XP level 18. HP: 86/149 MP: 21/23
 36530 | D:20     | Received a gift from Okawaru
 37369 | D:21     | Noticed Saint Roka
 37371 | D:21     | Noticed Mara
 37542 | D:20     | Killed Saint Roka
 37798 | D:21     | Noticed dknweql's illusion
 37872 | D:20     | Killed dknweql's illusion
 38049 | D:21     | Noticed dknweql's illusion
 38079 | D:21     | Killed Mara
 38079 | D:21     | Reached skill level 19 in Fighting
 38103 | D:21     | Killed dknweql's illusion
 38450 | D:21     | Noticed Xtahua
 38475 | D:21     | Killed Xtahua
 39113 | Elf:1    | Entered Level 1 of the Elven Halls
 39411 | Elf:1    | Found a burning altar of Makhleb.
 40272 | Elf:2    | Noticed Maurice
 40284 | Elf:2    | Killed Maurice
 40401 | Elf:2    | Noticed Donald
 40413 | Elf:2    | Killed Donald
 40667 | Elf:2    | Gained mutation: You are dopey (Int -1).
 40667 | Elf:2    | Gained mutation: You are frail (-10% HP).
 40667 | Elf:2    | Gained mutation: You possess an exceptional clarity of mind.
 40668 | Elf:2    | Gained mutation: Your muscles are strong (Str +1).
 40668 | Elf:2    | Gained mutation: Your system is resistant to poisons.
 40669 | Elf:2    | Lost mutation: You are dopey (Int -1).
 40669 | Elf:2    | Lost mutation: You possess an exceptional clarity of mind.
 40669 | Elf:2    | Lost mutation: Your muscles are strong (Str +1).
 40669 | Elf:2    | Lost mutation: You are frail (-10% HP).
 40669 | Elf:2    | Lost mutation: Your system is resistant to poisons.
 41352 | Elf:3    | Received a gift from Okawaru
 41505 | Elf:4    | Found Shuokauci's Weapon Boutique.
 41545 | Elf:4    | You are cast into the Abyss!
 41545 | Elf:4    | Cast into the Abyss (deep elf mage)
 41545 | Abyss    | Entered The Abyss
 41884 | Elf:4    | You pass through the gate.
 42300 | Elf:5    | Entered Level 5 of the Elven Halls
 42519 | Elf:5    | Received a gift from Okawaru
 42547 | Elf:5    | HP: 4/151 [smoke demon/divine providence[a deep elf high priest] (14)]
 42552 | Elf:5    | HP: 6/151 [Ice Fiend[a deep elf high priest] (3)]
 42552 | Elf:5    | Demolished by an Ice Fiend
